 Dungeon Crawl Stone Soup version 0.32-a0-779-g362cfcae2a (webtiles) character file.

Game seed: 16129900054737254247

760 Shayle the Trooper (level 7, 0/55 HPs)
             Began as a Coglin Alchemist on Mar 19, 2024.
             Was an Initiate of Gozag.
             Succumbed to Duvessa's poison
             ... on level 4 of the Dungeon on Mar 20, 2024.
             The game lasted 00:14:31 (4412 turns).

Shayle the Trooper (Coglin Alchemist)               Turns: 4412, Time: 00:14:32

Health: 0/55       AC:  8    Str:  8    XL:     7   Next: 80%
Magic:  10/10      EV: 10    Int: 16    God:    Gozag
Gold:   199        SH:  0    Dex: 15    Spells: 6/10 levels left

rFire   + . .        j - +0 rapier {Namzu}
rCold   . . .        d - +0 spear {Nkonkoni}
rNeg    . . .        v - +3 leather armour {rF+}
rPois   .            (no helmet)
rElec   .            m - +0 cloak
rCorr   .            h - +0 pair of gloves
SInv    .            (no boots)
Will    .....        (amulet unavailable)
Stlth   +            (ring unavailable)
HPRegen 0.29/turn    (ring unavailable)
MPRegen 0.12/turn    (no gizmo)

%: no passive effects
@: confused, lethally poisoned (0 -> -12)
A: off-hand wielding, slow wielding, warmup strikes, no jewellery
a: Invent Gizmo, Renounce Religion, Potion Petition, Call Merchant, Bribe Branch


You were on level 4 of the Dungeon.
You worshipped Gozag.
Gozag was aware of your devotion.
You visited 1 branch of the dungeon, and saw 5 of its levels.

You collected 378 gold pieces.
You spent 110 gold pieces at shops.
You paid 69 gold pieces to Gozag.

Inventory:

Hand Weapons
 c - a +0 dagger {Thulani}
 d - a +0 spear (offhand) {Nkonkoni}
 j - a +0 rapier (weapon) {Namzu}
 q - a +2 dagger of venom
 r - a +1 sling of freezing
Armour
 a - a +0 robe
 h - a +0 pair of gloves (worn)
 l - +0 gold dragon scales
 m - a +0 cloak (worn)
 v - a +3 leather armour of fire resistance (worn)
Wands
 t - a wand of charming (1)
Scrolls
 f - 2 scrolls of revelation
 g - 2 scrolls of immolation
 i - a scroll of identify
 k - 2 scrolls of noise
 p - a scroll of enchant weapon {unknown}
 u - a scroll of fear
 w - a scroll of vulnerability {unknown}
 x - a scroll of torment {unknown}
 y - 3 scrolls of fog {unknown}
Potions
 b - a potion of magic
 e - a potion of attraction {unknown}
 z - a potion of enlightenment


   Skills:
 + Level 4.5 Fighting
 + Level 4.1 Ranged Weapons
 + Level 3.3 Armour
 - Level 1.7 Dodging
 - Level 1.5 Stealth
 + Level 2.1 Spellcasting
 + Level 1.4 Conjurations
 + Level 1.0 Air Magic
 + Level 3.7 Alchemy


You had 6 spell levels left.
You knew the following spells:

 Your Spells              Type           Power      Damage    Failure   Level
a - Sting                 Conj/Alch      36%        1d5       10%         1
b - Mephitic Cloud        Conj/Alch/Air  8%         N/A       36%         3

Your spell library contained the following spells:

 Spells                   Type           Power      Damage    Failure   Level
 Mercury Vapours          Alch/Air       18%        N/A       16%         2
 Necrotise                Necr           4%         1d4       28%         1
 Ensorcelled Hibernation  Hex/Ice        2%         N/A       41%         2
 Olgreb's Toxic Radiance  Alch           13%        N/A       54%         4
 Fugue of the Fallen      Necr           1%         N/A       65%         3
 Ozocubu's Armour         Ice            1%         N/A       65%         3
 Vampiric Draining        Necr           1%         2d6       65%         3
 Sticky Flame             Fire/Alch      7%         2d4       80%         4
 Anguish                  Hex/Necr       0%         N/A       96%         4
 Manifold Assault         Tloc           1%         N/A       96%         4
 Martyr's Knell           Necr/Summ      1%         N/A       96%         4
 Curse of Agony           Necr           1%         N/A       100%        5


Dungeon Overview and Level Annotations

Branches:
Dungeon (5/15)
 Temple: D:4-7

Altars:
Ashenzari
Elyvilon
Gozag
Makhleb
Xom
Zin

Shops:
D:2 :   D:3 ?

Annotations:
D:4 Dowan, Duvessa
D:5 2 transporters


Innate Abilities, Weirdness & Mutations

You can wield a second weapon in your off-hand.
It takes a long time for you to wield or remove held weapons.
Your first few attacks do less damage.
You cannot equip rings or amulets.


Message History

You are lethally poisoned!
Duvessa is engulfed in noxious fumes.
Duvessa hits you with a +0 short sword of venom!
Duvessa hits herself but does no damage.
You hit Duvessa but do no damage.
You barely miss Duvessa with your +0 spear.
* * * LOW HITPOINT WARNING * * *
You feel extremely sick.
Unknown command.
* * * LOW HITPOINT WARNING * * *
You feel very sick.
Duvessa is engulfed in noxious fumes.
Duvessa appears confused.
Duvessa is engulfed in noxious fumes.
Duvessa appears confused.
You bump into the rock wall.
* * * LOW HITPOINT WARNING * * *
You feel very sick.
Duvessa is engulfed in noxious fumes.
Duvessa appears confused.
You feel very sick.
Duvessa hits herself but does no damage.
Duvessa is poisoned.
You feel less invigorated.
You feel very sick.
Duvessa is engulfed in noxious fumes.
Duvessa appears confused.
You're too confused to move!
You feel sick.
Duvessa hits you with a +0 short sword of venom.
* * * LOW HITPOINT WARNING * * *
You are lethally poisoned!
Duvessa says, "I'm a little confused."
Unknown command.
Okay, then.
You bump into the rock wall.
* * * LOW HITPOINT WARNING * * *
You feel very sick. Duvessa closely misses you.
Duvessa hits herself but does no damage.
Duvessa looks as sick as possible!
* * * LOW HITPOINT WARNING * * *
You feel very sick.
You die...
Your body crumbles into a pile of gold.

#.# #...# ## #.# #.#.#
#.# #.#.# #.# #.#.# #.#
#.#.####### #.#
#........## #.#
#........##
####e#######........##
#....@..............##
##.##..######.......(##
##...#.......#..........
#......<####.#........##
#....#### #..#.......[.
#.#.## ###.#########
#.#.# #.## # #.#.# #.>#
#.#.# ##.#


You could see Duvessa (fast, confused, extremely poisoned).

Vanquished Creatures
  Eustachio (D:4)
  An ice beast (D:4)
  A scorpion (D:5)
  A bombardier beetle (D:4)
  2 hounds (D:4)
  3 jellies
  Terence (D:3)
  Ijyb (D:3)
  3 iguanas
  6 adders
  2 white imps (D:5)
  2 ufetubi
  4 dart slugs
  3 ribbon worms (D:2)
  3 orcs (D:3)
  2 bats
  6 endoplasms
  2 giant cockroaches
  6 goblins
  6 hobgoblins
  3 jackals (D:3)
  6 kobolds
  3 quokkas
  4 ball pythons
  2 frilled lizards (D:3)
  3 rats
77 creatures vanquished.

Vanquished Creatures (others)
  An iguana (D:4)
1 creature vanquished.

Grand Total: 78 creatures vanquished

Notes
Turn   | Place    | Note
-------+----------+-------------------------------------------
     0 | D:1      | Shayle the Coglin Alchemist began the quest for the Orb.
     0 | D:1      | Reached XP level 1. HP: 13/13 MP: 3/3
   188 | D:1      | Reached skill level 1 in Fighting
   188 | D:1      | Reached XP level 2. HP: 6/21 MP: 2/4
   273 | D:1      | Reached skill level 1 in Ranged Weapons
   752 | D:2      | Reached XP level 3. HP: 24/27 MP: 5/5
   836 | D:2      | Found a broken altar of Ashenzari.
   908 | D:2      | Found Exzishah's Book Boutique.
  1079 | D:2      | Reached XP level 4. HP: 31/33 MP: 6/6
  1693 | D:3      | Noticed Terence
  1717 | D:3      | Killed Terence
  1718 | D:3      | Reached skill level 1 in Armour
  1718 | D:3      | Reached XP level 5. HP: 25/40 MP: 7/7
  1823 | D:3      | Found Tacvyt's Magic Scroll Boutique.
  1826 | D:3      | Bought a scroll of noise for 10 gold pieces
  1826 | D:3      | Bought 2 scrolls of identify for 40 gold pieces
  1826 | D:3      | Bought a scroll of fear for 40 gold pieces
  1826 | D:3      | Bought a scroll of identify for 20 gold pieces
  2080 | D:3      | Noticed Ijyb
  2119 | D:3      | Killed Ijyb
  2372 | D:4      | Found an opulent altar of Gozag.
  2647 | D:4      | Noticed Eustachio
  2718 | D:4      | Killed Eustachio
  2719 | D:4      | Reached XP level 6. HP: 19/48 MP: 8/8
  2918 | D:4      | Became a worshipper of Gozag Ym Sagoz the Greedy
  2971 | D:4      | Noticed Dowan
  3223 | D:4      | Found a shimmering altar of Xom.
  3251 | D:4      | Reached XP level 7. HP: 54/54 MP: 9/9
  3440 | D:4      | Learned a level 3 spell: Mephitic Cloud
  3619 | D:5      | Entered Level 5 of the Dungeon
  3625 | D:5      | Found a glowing silver altar of Zin.
  3625 | D:5      | Found a burning altar of Makhleb.
  3626 | D:5      | Noticed a blizzard demon
  3626 | D:5      | Noticed an angel
  3645 | D:4      | Reached skill level 1 in Conjurations
  3737 | D:5      | Found a transporter.
  3743 | D:5      | Found a white marble altar of Elyvilon.
  3886 | D:5      | Found a transporter.
  4145 | D:4      | Reached skill level 1 in Air Magic
  4377 | D:4      | Noticed Duvessa
  4412 | D:4      | Succumbed to Duvessa's poison

Illustrated notes

Levels and vault maps discovered:
D:1:      lightli_arrival_chessboard, layout_rooms,
          minmay_misc_feat_secret_circle
D:2:      layout_basic, serial_shops, nicolae_shop_real_fake_doors, basic_altar,
          minmay_misc_feat_more_columns
D:3:      layout_loops_ring, serial_glass, glass_columns_b, glass_columns_a,
          glass_columns_a, glass_columns_a, serial_shops,
          nicolae_shop_rolled_up, guppyfry_early_orc_mine, uniq_ijyb,
          uniq_terence
D:4:      layout_loops_ring, nicolae_gozag_seed_capital,
          mainiacjoe_overflow_brackets, minmay_bisected, uniq_duvessa,
          uniq_eustachio
D:5:      kb_forest_paths, layout_loops_corners, elyvilon_altar_4,
          grunt_temple_overflow_order_and_chaos_2, uniq_prince_ribbit1

Skill      XL: |  1  2  3  4  5  6  7 |
---------------+----------------------+-----
Fighting       | 1 2 3 4 |  4.5
Ranged Weapons | 1 2 3 4 |  4.1
Armour         | 1 2 3 |  3.3
Conjurations   | 1 |  1.4
Spellcasting   | 2 |  2.1
Air Magic      | 1 |  1.0
Dodging        | |  1.7
Stealth        | |  1.5
Alchemy        | |  3.7

Action                     |  1- 3 |  4- 6 |  7- 9 || total
---------------------------+-------+-------+-------++-------
  Melee: Dagger            |    39 |       |       ||    39
         Spear             |    84 |   149 |    72 ||   305
         Rapier            |    47 |   158 |    76 ||   281
   Cast: Sting             |     1 |       |       ||     1
         Mephitic Cloud    |       |       |     1 ||     1
  Evoke: Wand              |       |     5 |       ||     5
    Use: Potion            |       |     4 |     1 ||     5
         Scroll            |       |     7 |       ||     7
   Stab: Sleeping          |     3 |       |       ||     3
         Distracted        |       |       |     2 ||     2
 Armour: Robe              |    28 |       |       ||    28
         Gold dragon scale |    13 |   141 |       ||   154
         Leather armour    |       |    74 |    86 ||   160
         Skin              |       |     5 |     5 ||    10
  Dodge: Dodged            |    45 |    70 |    69 ||   184

Table legend: (Time is in decaauts)
 A = Elapsed time spent in this place.
 B = Non-inter-level travel time spent in this place.
 C = Inter-level travel time spent in this place.
 D = Time resting spent in this place.
 E = Time spent auto-exploring this place.
 F = Levels seen in this place.
 G = Mean time per level.
                   A        B        C        D        E       F      G
               +--------+--------+--------+--------+--------+-----+--------+
         Total |   4477 |   4300 |    177 |    649 |   2212 |   5 |  895.4 |
       Dungeon |   4477 |   4300 |    177 |    649 |   2212 |   5 |  895.4 |
               +--------+--------+--------+--------+--------+-----+--------+

Top non-repeatable levels by time:
     D:4: 1548 daAuts
     D:3: 937 daAuts
     D:2: 784 daAuts
     D:1: 610 daAuts
     D:5: 597 daAuts
